 Dungeon Crawl Stone Soup version 0.29.1-12-g30fa7ad0bf (webtiles) character file.

Game seed: 11602957751375475874

1687 Peloso the Chopper (level 8, -15/71 HPs)
             Began as a Minotaur Fighter on Dec 16, 2022.
             Demolished by an orc knight
             ... wielding a +0 war axe
              (26 damage)
             ... in a bailey.
             The game lasted 00:09:40 (4460 turns).

Peloso the Chopper (Minotaur Fighter)               Turns: 4460, Time: 00:09:42

Health: -15/71     AC: 16    Str: 21    XL:     8   Next: 71%
Magic:  7/7        EV:  7    Int:  5    God:
Gold:   109        SH:  5    Dex: 16    Spells: 7/7 levels left

rFire   . . .      SeeInvis .   c - +7 war axe of the Bear {vorpal, *Corrode Fly Dex+4}
rCold   . . .      Faith    .   d - +0 buckler
rNeg    . . .      Spirit   .   o - +0 plate armour
rPois   .          Reflect  .   (helmet restricted)
rElec   .          Harm     .   n - +0 cloak
rCorr   .          Rampage  .   h - +1 pair of gloves
Will    .....                   (no boots)
Stlth   ..........              (no amulet)
HPRegen 0.21/turn               (no ring)
MPRegen 0.10/turn               (no ring)

@: mighty, flying
A: horns 2, retaliatory headbutt
a: no special abilities


You were in a bailey.
You visited 1 branch of the dungeon, and saw 5 of its levels.
You also visited: Bailey.

You collected 135 gold pieces.
You spent 26 gold pieces at shops.

Inventory:

Hand Weapons
 a - a +0 long sword
 c - the +7 war axe of the Bear (weapon) {vorpal, *Corrode Fly Dex+4}
   (You found it on level 2 of the Dungeon)

   It inflicts extra damage upon your enemies.
   Dex:       It affects your dexterity (+4).
   Fly:       It grants you flight.
   *Corrode:  It may corrode you when you take damage.
Armour
 b - a +0 scale mail
 d - a +0 buckler (worn)
 h - a +1 pair of gloves (worn)
 j - a +0 chain mail
 n - a +0 cloak (worn)
 o - a +0 plate armour (worn)
Jewellery
 t - a +6 ring of intelligence
Scrolls
 f - 2 scrolls of fog
 k - 2 scrolls of poison
 l - a scroll of teleportation
 m - a scroll of blinking
 q - 6 scrolls of enchant armour
 u - 2 scrolls of noise
 w - 2 scrolls of fear {unknown}
Potions
 e - a potion of flight
 g - 2 potions of berserk rage
 i - 2 potions of mutation
 p - a potion of might
 r - 2 potions of heal wounds
 s - 2 potions of cancellation
 v - a potion of haste {unknown}
 x - a potion of brilliance {unknown}


   Skills:
 + Level 6.5 Fighting
 + Level 4.7 Long Blades
 + Level 7.9 Axes
 + Level 7.2 Armour
 + Level 2.7 Dodging
 + Level 0.6 Stealth
 + Level 5.2 Shields


You had 7 spell levels left.
You didn't know any spells.
Your spell library contained the following spells:

 Spells                   Type           Power      Damage    Failure   Level
 Blink                    Tloc           0%         N/A       100%        2
 Tukima's Dance           Hex            0%         N/A       100%        3
 Passage of Golubria      Tloc           0%         N/A       100%        4
 Manifold Assault         Tloc           0%         N/A       100%        5
 Yara's Violent Unravell  Hex/Tmut       0%         3d3       100%        5
 Storm Form               Tmut/Air       0%         N/A       100%        7


Dungeon Overview and Level Annotations

Branches:
Dungeon (7/15)             Bailey (1/1)
 Temple: D:4-7

Altars:
Ru

Shops:
D:3 ?

Annotations:
D:4 Natasha


Innate Abilities, Weirdness & Mutations

You have a pair of horns on your head.
You reflexively headbutt those who attack you in melee.


Message History

There is an open door here.
Unknown command.
You slice the goblin!!
You kill the goblin!
You slash the goblin!
You kill the goblin!
Unknown command.
You slash the orc!
You kill the orc!
You closely miss the goblin. You slash the gnoll!
You kill the gnoll!
The goblin hits you but does no damage.
Unknown command.
The orc hits you but does no damage. The orc barely misses you.
Items here: )) [[ †.
You slice the orc!!
You kill the orc!
You slash the orc!
You kill the orc!
You completely miss the orc warlord. You slash the goblin!
You kill the goblin!
You block the orc warlord's attack.
You slash the orc warlord!
The orc warlord is lightly wounded.
You slash the goblin!
You kill the goblin!
The orc warlord hits you with a +10 battleaxe!!!
Ouch! That really hurt!
You slash the orc warlord! You headbutt the orc warlord.
The orc warlord is moderately wounded.
You slash the orc knight! The orc warlord completely misses you.
The orc knight hits you with a +0 war axe.
You slice the orc warlord!!
The orc warlord is heavily wounded.
You hit the orc knight but do no damage.
You block the orc warlord's attack. You block the orc knight's attack.
The orc warlord hits you with a +10 battleaxe!!
* * * LOW HITPOINT WARNING * * *
The orc knight hits you with a +0 war axe!!
You die...

##.......## ##.......##
#.......#.........#.......#
##.)...##.........##...).##
##)####...........####)##
##.)...##.........##.....##
#.......#.........#.......#
##.......##.......##.......##
#.........#...))..#.........#
##.........###.o@###.........##
#.....⌠.....###o###.....⌠.....#
##.......).##88.88##.........##
#.......).#.......#.........#
##......)##.......##.......##
#.......'.........'.......#
##.....##.........##.....##
#######.....⌠.....#######
##.........##


You could see an orc warlord (strong) and an orc knight (strong).

Vanquished Creatures
  Grinder (D:3)
  A sky beast (D:7)
  11 orc warriors (Bailey)
  A necrophage (D:7)
  A bullfrog (D:7)
  2 hounds
  7 gnolls (Bailey)
  3 adders
  2 dart slugs (D:2)
  11 orcs
  3 bats
  6 endoplasms
  3 giant cockroaches
  19 goblins
  15 hobgoblins
  5 kobolds (D:1)
  4 quokkas
  6 ball pythons
  3 frilled lizards (D:3)
  6 rats
110 creatures vanquished.

Notes
Turn   | Place    | Note
-------+----------+-------------------------------------------
     0 | D:1      | Peloso the Minotaur Fighter began the quest for the Orb.
     0 | D:1      | Reached XP level 1. HP: 19/19 MP: 0/0
   275 | D:1      | Reached XP level 2. HP: 22/27 MP: 1/1
  1274 | D:1      | Reached XP level 3. HP: 25/33 MP: 2/2
  1865 | D:2      | Reached XP level 4. HP: 41/41 MP: 3/3
  1986 | D:2      | Identified the +7 war axe of the Bear {vorpal, *Corrode Fly
                  | Dex+4}
  2225 | D:3      | Noticed Grinder
  2234 | D:3      | Killed Grinder
  2235 | D:3      | Reached skill level 5 in Armour
  2235 | D:3      | Reached skill level 1 in Dodging
  2235 | D:3      | Reached XP level 5. HP: 27/47 MP: 4/4
  2407 | D:3      | Found a sacrificial altar of Ru.
  2796 | D:3      | Reached XP level 6. HP: 55/55 MP: 5/5
  2858 | D:3      | Found Zeblocomn's Magic Scroll Shoppe.
  2866 | D:3      | Bought a scroll of identify for 26 gold pieces
  3067 | D:4      | Reached skill level 1 in Axes
  3078 | D:4      | Noticed Natasha
  3078 | D:4      | You are sucked into a shaft and drop 3 floors!
  3190 | D:7      | Reached skill level 5 in Fighting
  3210 | D:7      | Noticed a sky beast
  3227 | D:7      | Killed a sky beast
  3228 | D:7      | Reached XP level 7. HP: 49/61 MP: 6/6
  3292 | D:7      | Found a flagged portal.
  3303 | Bailey   | Entered a bailey
  3679 | Bailey   | Reached skill level 5 in Axes
  3685 | Bailey   | Reached XP level 8. HP: 33/70 MP: 7/7
  3985 | Bailey   | Reached skill level 5 in Shields
  4451 | Bailey   | Noticed an orc warlord
  4451 | Bailey   | Noticed an orc knight
  4460 | Bailey   | Demolished by an orc knight

Illustrated notes

Levels and vault maps discovered:
D:1:      evilmike_arrival_hilbert_curve, layout_basic
D:2:      kb_forest_paths, layout_rooms
D:3:      layout_loops_corners, mainiacjoe_overflow_six_doors_small,
          serial_shops, shop_scrolls, minmay_starry_boxes, uniq_grinder
D:4:      lemuel_castle_with_subvaults [lemuel_castle_interior_carwin_2],
          layout_gridville, mainiacjoe_overflow_catwalk,
          mainiacjoe_overflow_boulevard, uniq_natasha
D:7:      layout_basic, nicolae_hepliaklqana_hippocampus,
          minmay_temple_entry_tees, enter_bailey_3
Bailey:   bailey_axe_minmay_hex_keep, bailey

Skill      XL: |  1  2  3  4  5  6  7  8 |
---------------+-------------------------+-----
Shields        | 4 5 |  5.2
Armour         | 4 5 6 7 |  7.2
Fighting       | 4 5 6 |  6.5
Long Blades    | 3 4 |  4.7
Dodging        | 1 2 |  2.7
Axes           | 3 5 7 |  7.9
Stealth        | |  0.6

Action                   |  1- 3 |  4- 6 |  7- 9 || total
-------------------------+-------+-------+-------++-------
Melee: Long sword        |    84 |     7 |       ||    91
       Headbutt          |    12 |     6 |    16 ||    34
       War axe           |       |    40 |    79 ||   119
  Use: Scroll            |     4 |     8 |     1 ||    13
       Potion            |     2 |       |     1 ||     3
Armor: Scale mail        |    48 |    19 |    14 ||    81
       Plate armour      |       |       |     3 ||     3
Dodge: Dodged            |    55 |    23 |    34 ||   112
Block: Buckler           |    17 |    15 |    20 ||    52
